 Dungeon Crawl Stone Soup version 0.14-a0-848-g57a047c (webtiles) character file.

11863 4tharraofdagon the Cleaver (level 11, -1/99 HPs)
             Began as a Deep Dwarf Gladiator on Nov 14, 2013.
             Was an Elder of Makhleb.
             Slain by a frost giant
             ... wielding a +0,+0 battleaxe of freezing
              (19 damage)
             ... in an ice cave.
             The game lasted 00:19:48 (3049 turns).

4tharraofdagon the Cleaver (Deep Dwarf Gladiator)   Turns: 3049, Time: 00:19:48

HP  -1/99        AC 20     Str 30      XL: 11   Next: 53%
MP  16/16        EV  7     Int 10      God: Makhleb [****..]
Gold 141         SH  0     Dex 13      Spells:  0 memorised, 10 levels left

Res.Fire  : . . .   See Invis. : .   p - +0,+1 orc battleaxe
Res.Cold  : . . .   Warding    : .   s - +0 plate armour (curse)
Life Prot.: . . .   Conserve   : .   (no shield)
Res.Poison: .       Res.Corr.  : .   c - +0 dwarf helmet
Res.Elec. : .       Clarity    : .   r - +0 cloak
Sust.Abil.: . .     Spirit.Shd : .   (no gloves)
Res.Mut.  : .       Stasis     : .   (no boots)
Res.Rott. : .       Flight     : +   (no amulet)
Saprovore : . . .                    l - +3 ring of protection
                                     i - +4 ring of strength

@: non-regenerating, mighty, flying, quite resistant to hostile enchantments,
extremely unstealthy
A: damage resistance, recharge devices, sense surroundings 3, slow healing 3
a: Device Recharging, Minor Destruction, Lesser Servant of Makhleb, Major
Destruction, Renounce Religion


You were in an ice cave.
You worshipped Makhleb.
Makhleb was greatly pleased with you.
You were not hungry.

You visited 3 branches of the dungeon, and saw 12 of its levels.
You also visited: Ossuary and Ice Cave.

You collected 141 gold pieces.

Inventory:

Hand weapons
 a - a +0,+0 dwarven hand axe
 p - a +0,+1 orcish battleaxe (weapon)
Missiles
 d - a throwing net (quivered)
 m - a throwing net [frayed]
Armour
 b - a cursed +0 leather armour
 c - a +0 dwarven helmet (worn)
 j - a +0 scale mail
 n - a -1 cloak
 r - a +0 cloak (worn)
 s - a cursed +0 plate armour (worn)
Magical devices
 e - a wand of heal wounds (0)
 t - a wand of lightning (0)
 A - a wand of magic darts (18)
 I - a wand of magic darts (0)
 Q - a wand of frost (13)
Comestibles
 f - 2 bread rations
 B - 2 meat rations
Scrolls
 h - 2 scrolls of teleportation {unknown}
 q - 2 scrolls of fear
 u - a scroll of curse jewellery {unknown}
 v - 4 scrolls of remove curse
 w - a scroll of random uselessness {unknown}
 x - 3 scrolls of recharging {unknown}
 y - a scroll of curse weapon {unknown}
 D - a scroll of immolation {unknown}
 G - a scroll of enchant weapon I {unknown}
 H - a scroll of magic mapping {unknown}
 M - a scroll of amnesia {unknown}
 P - a scroll of enchant armour {unknown}
Jewellery
 g - an uncursed ring of positive energy
 i - a +4 ring of strength (left hand)
 l - a +3 ring of protection (right hand)
 o - an uncursed ring of fire
Potions
 z - a potion of flight
 E - a potion of restore abilities
Books
 J - a book of the Tempests

   Spells                             Type                      Level
   Static Discharge                   Conjuration/Air              3
   Lightning Bolt                     Conjuration/Air              5
   Fireball                           Conjuration/Fire             5
   Tornado                            Air                          9
   Shatter                            Earth                        9


   Skills:
 + Level 8.2 Fighting
 * Level 13.3 Axes
 - Level 1.7 Throwing
 + Level 9.1 Armour
 - Level 3.2 Dodging
 + Level 9.8 Evocations


You had 10 spell levels left.
You didn't know any spells.

Dungeon Overview and Level Annotations

Branches:
Dungeon (9/16)             Temple (1/1) D:6            Lair (4/8) D:9
    Orc: D:6-11       Swamp: Lair:3-6    Shoals: Lair:3-6     Snake: Lair:3-6
 Spider: Lair:3-6

Altars:
Cheibriados
Elyvilon
Fedhas
Kikubaaqudgha
Makhleb
Nemelex Xobeh
Okawaru
Sif Muna
Trog
Vehumet
Xom
Yredelemnul
the Shining One


Innate Abilities, Weirdness & Mutations

You are resistant to damage.
You can recharge devices by infusing magical energy.
You passively map a large area around you.
You do not heal naturally.


Message History

Press: ? - help, Shift-Dir - straight line, f - you You feel much better.
This wand has 2 charges left.
The frost giant gestures at you while chanting.
The bolt of cold hits you!
* * * LOW HITPOINT WARNING * * *
Unknown command.
Evoke which item? (* to show all) (? for menu, Esc to quit)
Zapping:
e - a wand of heal wounds (2)
Press: ? - help, Shift-Dir - straight line, f - you You feel much better.
This wand has 1 charge left.
The frost giant points at you and mumbles some strange words.
The bolt of cold hits you!
* * * LOW HITPOINT WARNING * * *
Unknown command.
Evoke which item? (* to show all) (? for menu, Esc to quit)
Zapping:
e - a wand of heal wounds (1)
Press: ? - help, Shift-Dir - straight line, f - you You feel much better.
This wand has 0 charges left.
The frost giant hits you with a battleaxe of freezing!
You die...

... *, *
#≈≈# *....
# ,#≈≈##
.YCY....
#≈≈≈
#..Y... ..
#≈≈≈≈≈
.Y...
#.#≈≈#*#
##.Uh ,
,#≈≈≈≈###
#Y.# ,
*#≈≈≈..#.
#C##*,
*#≈≈≈#.#..
#%@# ,
#≈≈≈ ##.##
##.## #≈≈
### #..# *
#≈ * #..##
≈≈ ##..# *
##.# #..#
* ≈ ##..#
#..##*≈ **


You could see a frost giant and a yak.

Vanquished Creatures
  The ghost of lauthentik the Ducker, an experienced DrTm of Cheibriados (IceCv)
  An ice statue (IceCv)
  2 black mambas
  14 polar bears (IceCv)
  A basilisk (Lair:3)
  12 yaks
  2 hippogriffs
  An elf zombie (Ossuary)
  A hungry ghost (D:7)
  A deep elf fighter (D:9)
  5 wolves (IceCv)
  A porcupine (Lair:3)
  3 phantoms
  2 sky beasts
  2 orc warriors
  2 centaurs (D:7)
  An ogre (D:9)
  11 ice beasts
  A giant slug (Lair:4)
  4 water moccasins
  An agate snail (Lair:4)
  8 giant frogs
  A cyclops skeleton (D:9)
  3 wights (D:7)
  2 centaur zombies (Ossuary)
  4 crimson imps
  2 iguanas
  Crazy Yiuf (D:2)
  A giant frog skeleton (D:7)
  3 orc priests
  2 hounds
  3 scorpions
  6 orc wizards
  A worker ant (D:6)
  7 orange rats (Lair:4)
  A big kobold zombie (Ossuary)
  2 mummies (Ossuary)
  A giant centipede (Lair:3)
  2 human zombies (Ossuary)
  6 adders
  A green rat (D:9)
  An adder zombie (D:7)
  5 giant geckos
  15 orcs
  A ball python (D:1)
  2 giant cockroaches (D:1)
  A goblin (D:7)
  5 hobgoblins
  6 jackals
  4 kobolds
  5 quokkas
  16 bats
  2 giant newts
  2 goblin zombies (Ossuary)
  10 hobgoblin zombies (Ossuary)
  A jackal zombie (Ossuary)
  7 kobold zombies (Ossuary)
  10 orc zombies (Ossuary)
  18 rats
  A rat zombie (Ossuary)
  4 fungi
242 creatures vanquished.

Vanquished Creatures (others)
  2 plants (Lair:4)
2 creatures vanquished.

Grand Total: 244 creatures vanquished

Notes
Turn   | Place    | Note
--------------------------------------------------------------
     0 | D:1      | 4tharraofdagon, the Deep Dwarf Gladiator, began the quest for the Orb.
     0 | D:1      | Reached XP level 1. HP: 20/20 MP: 0/0
    87 | D:2      | Reached XP level 2. HP: 27/27 MP: 1/1
   125 | D:2      | Reached skill level 1 in Armour
   255 | D:2      | Reached skill level 4 in Axes
   255 | D:2      | Reached XP level 3. HP: 24/33 MP: 2/2
   296 | D:2      | Noticed Crazy Yiuf
   307 | D:2      | Killed Crazy Yiuf
   602 | D:3      | Reached XP level 4. HP: 30/42 MP: 3/3
   716 | D:3      | You fall through a shaft!
   716 | D:6      | Found an iron altar of Okawaru.
   724 | D:6      | Found a snail-covered altar of Cheibriados.
   725 | D:6      | Found a blossoming altar of Fedhas.
   731 | D:6      | Found a glowing golden altar of the Shining One.
   731 | D:6      | Found a deep blue altar of Sif Muna.
   750 | D:6      | Noticed a phantom
   752 | D:6      | Noticed a giant frog
   752 | D:6      | Noticed a sky beast
   759 | D:6      | Reached XP level 5. HP: 20/48 MP: 4/4
   764 | D:6      | Killed a giant frog
   764 | D:6      | Reached skill level 5 in Axes
   779 | D:6      | Killed a sky beast
   779 | D:6      | Reached XP level 6. HP: 14/56 MP: 5/5
   801 | D:6      | Killed a phantom
   801 | D:6      | Reached skill level 6 in Axes
   821 | D:6      | Found a sand-covered staircase.
   827 | Ossuary  | Entered an ossuary
   918 | Ossuary  | Reached XP level 7. HP: 32/63 MP: 6/6
   930 | Ossuary  | Reached skill level 7 in Axes
  1047 | D:6      | Noticed an orc warrior
  1075 | D:6      | Killed an orc warrior
  1195 | D:6      | Found a staircase to the Ecumenical Temple.
  1196 | D:6      | Noticed a giant frog
  1206 | Temple   | Entered the Ecumenical Temple
  1219 | Temple   | Killed a giant frog
  1219 | Temple   | Reached XP level 8. HP: 27/72 MP: 7/7
  1295 | D:6      | 4tharraofdagon: why so bad temple
  1341 | D:7      | Reached skill level 8 in Axes
  1341 | D:7      | Reached skill level 5 in Armour
  1375 | D:7      | Reached skill level 5 in Fighting
  1400 | D:7      | Reached skill level 1 in Evocations
  1446 | D:7      | Reached skill level 9 in Axes
  1478 | D:7      | Paralysed by a potion of paralysis for 4 turns
  1519 | D:7      | Daniel: have you tried hill orcs for speeding?
  1572 | D:7      | Gained mutation: You passively map the area around you. [level up]
  1572 | D:7      | Reached XP level 9. HP: 35/80 MP: 11/11
  1751 | D:9      | Reached skill level 10 in Axes
  1755 | D:9      | Found a burning altar of Makhleb.
  1756 | D:9      | Found a radiant altar of Vehumet.
  1761 | D:9      | Became a worshipper of Makhleb the Destroyer
  1850 | D:9      | Reached skill level 5 in Evocations
  1903 | D:9      | Acquired Makhleb's first power
  1948 | D:9      | Found a staircase to the Lair.
  1981 | Lair:1   | Entered Level 1 of the Lair of Beasts
  1992 | Lair:1   | Noticed a black mamba
  2008 | Lair:1   | Killed a black mamba
  2095 | Lair:2   | Got a pitted plate armour
  2096 | Lair:2   | Identified the cursed -5 plate armour of Lilacs {Dex-3} (You found it on level 2 of the Lair of Beasts)
  2098 | Lair:2   | why :(
  2136 | Lair:3   | Reached skill level 11 in Axes
  2146 | Lair:3   | Reached XP level 10. HP: 38/90 MP: 16/16
  2155 | Lair:3   | Acquired Makhleb's second power
  2190 | Lair:4   | Noticed an elephant
  2190 | Lair:4   | Noticed an elephant
  2190 | Lair:4   | Noticed an elephant
  2190 | Lair:4   | Noticed an elephant
  2190 | Lair:4   | Noticed an elephant
  2419 | Lair:4   | timbw: almost 3 star
  2425 | Lair:4   | Noticed a black mamba
  2436 | Lair:4   | Killed a black mamba
  2449 | Lair:4   | Daniel: late altar
  2486 | Lair:4   | timbw: but fast lair
  2492 | Lair:4   | Daniel: yes
  2571 | Lair:4   | Found a frozen archway.
  2599 | Lair:4   | Acquired Makhleb's third power
  2603 | IceCv    | Entered an ice cave
  2617 | IceCv    | Reached skill level 12 in Axes
  2692 | IceCv    | Noticed an ice statue
  2730 | IceCv    | Reached XP level 11. HP: 31/98 MP: 17/17
  2794 | IceCv    | Gained mutation: You passively map a large area around you. [potion of beneficial mutation]
  2818 | IceCv    | Noticed lauthentik's ghost (experienced DrTm)
  2840 | IceCv    | Killed lauthentik's ghost
  2867 | IceCv    | Killed an ice statue
  2957 | IceCv    | Reached skill level 13 in Axes
  2986 | IceCv    | Acquired Makhleb's fourth power
  3020 | IceCv    | timbw: ofc
  3027 | IceCv    | Noticed a frost giant
  3040 | IceCv    | timbw: freezing battleaxe
  3049 | IceCv    | Slain by a frost giant

Action                   |  1- 3 |  4- 6 |  7- 9 | 10-12 || total
-------------------------+-------+-------+-------+-------++-------
Melee: Hand axe          |    69 |   126 |   224 |       ||   419
       Battleaxe         |       |       |   176 |   278 ||   454
Throw: Throwing net      |     2 |       |       |     1 ||     3
 Abil: Device Recharging |       |       |     3 |     4 ||     7
Evoke: Wand              |       |     3 |    21 |    22 ||    46
  Use: Scroll            |       |     3 |     2 |     3 ||     8
       Potion            |       |       |     7 |     5 ||    12
 Stab: Held in net/web   |     2 |       |       |       ||     2
